 Dungeon Crawl Stone Soup version 0.27-a0-604-g29a88b33a7 (webtiles) character file.

Game seed: 14527985516198501519

100 spiderkeys the Grave Robber (level 4, 0/38 HPs)
             Began as a Deep Dwarf Necromancer on Mar 12, 2021.
             Slain by a worker ant zombie (1 damage)
             ... on level 3 of the Dungeon.
             The game lasted 00:05:16 (2922 turns).

spiderkeys the Grave Robber (DDNe)                  Turns: 2922, Time: 00:05:16

Health: 0/38       AC:  6    Str: 11    XL:     4   Next: 46%
Magic:  6/6        EV:  9    Int: 17    God:
Gold:   121        SH:  0    Dex: 13    Spells: 1/6 levels left

rFire    + . .     SeeInvis .   c - +0 club
rCold    . . .     Faith    .   (no shield)
rNeg     . . .     Spirit   .   h - +0 scale mail
rPois    .         Reflect  .   (no helmet)
rElec    .         Harm     +   d - scarf {harm}
rCorr    .         Rampage  .   (no gloves)
Will     .....                  (no boots)
Stlth    +.........             (no amulet)
HPRegen  0.00/turn              i - ring of wizardry
MPRegen  0.10/turn              m - ring of protection from fire

@: non-regenerating
A: damage resistance, heal wounds, sense surroundings 1, no regeneration
a: Heal Wounds


You were on level 3 of the Dungeon.
You visited 1 branch of the dungeon, and saw 3 of its levels.

You collected 121 gold pieces.

Inventory:

Hand Weapons
 c - a +0 club (weapon)
Armour
 d - a scarf of harm (worn)
 h - a +0 scale mail (worn)
 n - a +0 kite shield
Jewellery
 i - a ring of wizardry (right hand)
 m - a ring of protection from fire (left hand)
Scrolls
 a - 2 scrolls of amnesia {unknown}
 e - 4 scrolls of identify
 f - a scroll of noise {unknown}
 g - 2 scrolls of fog {unknown}
 k - a scroll of teleportation {unknown}
Potions
 b - a potion of flight {unknown}
 j - a potion of might
 l - a potion of heal wounds


   Skills:
 + Level 1.4 Fighting
 + Level 1.8 Armour
 + Level 3.0 Dodging
 - Level 2.4 Stealth
 - Level 1.7 Spellcasting
 * Level 5.3 Necromancy


You had one spell level left.
You knew the following spells:

 Your Spells              Type           Power      Damage    Failure   Level
a - Pain                  Necr           76%        1d7       5%          1
b - Animate Skeleton      Necr           38%        N/A       5%          1
c - Vampiric Draining     Necr           9%         2d7       16%         3

Your spell library contained the following spells:

 Spells                   Type           Power      Damage    Failure   Level
 Animate Dead             Necr           9%         N/A       45%         4
 Agony                    Necr           19%        N/A       78%         5


Dungeon Overview and Level Annotations

Branches:
Dungeon (3/15)

Altars:

Annotations:
D:3 3 runed translucent doors, Atlas's ghost, amateur DsIE


Innate Abilities, Weirdness & Mutations

You are resistant to damage.
You can heal yourself by infusing magical energy.
You passively map a small area around you.
You do not regenerate.


Message History

You kill the goblin!
You completely miss the worker ant zombie.
The worker ant zombie is lightly damaged.
The worker ant zombie closely misses you.
You hit the worker ant zombie but do no damage.
The worker ant zombie is lightly damaged.
The worker ant zombie bites you.
* * * LOW HITPOINT WARNING * * *
The worker ant zombie bites you.
* * * LOW HITPOINT WARNING * * *
You barely miss the worker ant zombie.
The worker ant zombie is lightly damaged.
The worker ant zombie bites you.
* * * LOW HITPOINT WARNING * * *
You barely miss the worker ant zombie.
The worker ant zombie is lightly damaged.
The worker ant zombie closely misses you.
You see here a frilled lizard corpse.
Casting: Pain (safe; 5% risk of failure)
Confirm with . or Enter, or press ? or * to list all spells.
You attempt to give life to the dead...
Before your eyes, flesh is ripped from the corpse!
The dead are walking!
The worker ant zombie bites you but does no damage.
You hit the worker ant zombie.
The worker ant zombie is moderately damaged.
The worker ant zombie bites you.
* * * LOW HITPOINT WARNING * * *
The worker ant zombie bites you but does no damage.
Your frilled lizard skeleton bites the worker ant zombie.
The worker ant zombie bites your frilled lizard skeleton.
You barely miss the worker ant zombie.
The worker ant zombie is moderately damaged.
The worker ant zombie bites you but does no damage.
Your frilled lizard skeleton bites the worker ant zombie.
The worker ant zombie bites you but does no damage.
You barely miss the worker ant zombie.
The worker ant zombie is moderately damaged.
The worker ant zombie bites you.
You die...

* ..#.#* ......#...##### ,
.,... Z..............
#,*#.#.# ...#.....<....#
##.##.#.###.#
#.#####รท...#
......#.....# ..)........#
#...#########.#......# ,
,,#....(..Z...#.#.##...# *
##..###.#######.#.#.##...#
,
.........@ZZ..............
*
##.############.#.#.#...##
* , #.#.#.#...## ,
#.#.#.#..... * * , *
#.#.#.#.##.# ....
..###.#.....##..
+++###...#.#.###.####
,.....#...#.....#.#### *,
....#...###.#.#.....


You could see a worker ant zombie (ally target) and a friendly frilled lizard
skeleton.

Vanquished Creatures
  A gnoll (D:1)
  4 adders
  A worm (D:3)
  A leopard gecko (D:1)
  9 bats
  A giant cockroach (D:1)
  6 goblins
  5 hobgoblins
  7 jackals (D:2)
  5 kobolds
  A quokka (D:2)
  4 frilled lizards
  3 rats
48 creatures vanquished.

Notes
Turn   | Place    | Note
-------+----------+-------------------------------------------
     0 | D:1      | spiderkeys the Deep Dwarf Necromancer began the quest for
                  | the Orb.
     0 | D:1      | Reached XP level 1. HP: 15/15 MP: 3/3
    31 | D:1      | Learned a level 1 spell: Animate Skeleton
   265 | D:1      | Reached XP level 2. HP: 20/24 MP: 2/4
   690 | D:1      | Reached skill level 1 in Armour
   809 | D:1      | Reached XP level 3. HP: 25/30 MP: 1/5
  1465 | D:2      | Reached skill level 1 in Fighting
  1530 | D:2      | Learned a level 3 spell: Vampiric Draining
  1731 | D:2      | Reached skill level 5 in Necromancy
  2563 | D:3      | Reached XP level 4. HP: 20/38 MP: 1/6
  2728 | D:3      | Found a runed translucent gate.
  2729 | D:3      | Found a runed translucent gate.
  2729 | D:3      | Noticed Atlas's ghost (amateur DsIE)
  2730 | D:3      | Found a runed translucent gate.
  2914 | D:3      | HP: 1/38 [worker ant zombie (2)]
  2922 | D:3      | Slain by a worker ant zombie

Illustrated notes

Levels and vault maps discovered:
D:1:      wander_arrival_lonely_grave, layout_basic, bh_walls_and_bars
D:2:      layout_basic, grunt_ministairs_3
D:3:      layout_basic, gammafunk_ghost_split

Skill      XL: |  1  2  3  4 |
---------------+-------------+-----
Armour         | 1 |  1.8
Fighting       | 1 |  1.4
Necromancy     | 5 |  5.3
Dodging        | 3 |  3.0
Stealth        | |  2.4
Spellcasting   | |  1.7

Action                   |  1- 3 |  4- 6 || total
-------------------------+-------+-------++-------
Melee: Unarmed           |     9 |       ||     9
       Club              |    36 |    18 ||    54
 Cast: Pain              |    68 |    17 ||    85
       Animate Skeleton  |       |     1 ||     1
  Use: Scroll            |     2 |       ||     2
Armor: Leather armour    |     2 |       ||     2
       Scale mail        |    23 |     8 ||    31
Dodge: Dodged            |    48 |    15 ||    63

Table legend: (Time is in decaauts)
 A = Elapsed time spent in this place.
 B = Non-inter-level travel time spent in this place.
 C = Inter-level travel time spent in this place.
 D = Time resting spent in this place.
 E = Time spent auto-exploring this place.
 F = Levels seen in this place.
 G = Mean time per level.
                   A        B        C        D        E       F      G
               +--------+--------+--------+--------+--------+-----+--------+
         Total |   2935 |   2731 |    204 |      0 |   2303 |   3 |  978.3 |
       Dungeon |   2935 |   2731 |    204 |      0 |   2303 |   3 |  978.3 |
               +--------+--------+--------+--------+--------+-----+--------+

Top non-repeatable levels by time:
     D:1: 1437 daAuts
     D:2: 1130 daAuts
     D:3: 368 daAuts
